 Dungeon Sprint DCSS version 0.31-a0-988-g08d55dae12 (webtiles) character file.

Game seed: 8769483563396507125

186 Conn the Sneak (level 5, 0/30 (31) HPs)
             Began as an Octopode Fire Elementalist on Nov 4, 2023.
             Slain by a necrophage (3 damage)
             ... in the Dungeon (Sprint II: "The Violet Keep of Menkaure").
             The game lasted 00:00:29 (25 turns).

Conn the Sneak (Octopode Fire Elementalist)           Turns: 25, Time: 00:00:31

HP:   0/30 (31)     AC:  1    Str:  7    XL:     5   Next: 65%
MP:   6/13          EV: 14    Int: 19    God:
Gold: 0             SH:  0    Dex: 13    Spells: 14/15 levels left

rFire   . . .        (no weapon)
rCold   . . .        (no shield)
rNeg    . . .        (helmet restricted)
rPois   .            (no amulet)
rElec   .            (no ring)
rCorr   .            (no ring)
SInv    .            (no ring)
Will    .....        (no ring)
Stlth   ++++         (no ring)
HPRegen 0.25/turn    (no ring)
MPRegen 0.13/turn    (no ring)
                     (no ring)

%: no teleportation
@: on berserk cooldown, slowed, lightly drained, very slow
A: almost no armour, amphibious, 8 rings, camouflage 1, gelatinous body 1,
(nimble swimmer 1), tentacles
a: no special abilities


You were in the Dungeon.
You visited 1 branch

Inventory:

Scrolls
 f - a scroll of blinking
Potions
 a - 3 potions of magic
 b - a potion of curing
 c - a potion of heal wounds
 d - a potion of haste


   Skills:
 + Level 4.6 Dodging
 + Level 6.6 Stealth
 * Level 5.6 Spellcasting
 * Level 5.9 Conjurations
 + Level 5.1 Fire Magic


You had 14 spell levels left.
You knew the following spells:

 Your Spells              Type           Power      Damage    Failure   Level
a - Foxfire               Conj/Fire      100%       2x1d9     1%          1

Your spell library contained the following spells:

 Spells                   Type           Power      Damage    Failure   Level
 Scorch                   Fire           48%        2d7       2%          2
 Inner Flame              Hex/Fire       15%        N/A       12%         3
 Volatile Blastmotes      Fire/Tloc      30%        2d12      12%         3
 Flame Wave               Conj/Fire      26%        2d8       12%         4


Dungeon Overview and Level Annotations

Branches:
Dungeon (1/1)

Altars:


Innate Abilities, Weirdness & Mutations

You cannot wear most types of armour.
You are amphibious.
You can wear up to eight rings at the same time.
Your skin changes colour to match your surroundings (Stealth+).
Your rubbery body absorbs attacks. (AC +1, EV +1)
((You are camouflaged when in or above water. (Stealth+)))
You have tentacles for arms and can constrict up to eight enemies at once.


Message History

You constrict the necrophage, but do no damage.
Unknown command.
You tentacle-slap the necrophage.
The necrophage is moderately damaged.
You constrict the necrophage. The necrophage closely misses you. x2
You tentacle-slap the necrophage. You squeeze the necrophage!
The necrophage is severely damaged.
You constrict the necrophage. The necrophage completely misses you.
The necrophage hits you.
You bludgeon the necrophage!
You destroy the necrophage!
Your Stealth skill increases to level 6!
Your Fire Magic skill increases to level 5!
Unknown command.
You tentacle-slap the necrophage. You grab the necrophage.
The necrophage is lightly damaged.
You constrict the necrophage. The necrophage hits you.
* * * LOW HITPOINT WARNING * * *
You barely miss the necrophage. Your squeeze misses the necrophage.
The necrophage is lightly damaged.
You constrict the necrophage, but do no damage.
The necrophage hits you.
* * * LOW HITPOINT WARNING * * *
You feel drained.
* * * LOW HITPOINT WARNING * * *
You tentacle-slap the necrophage. You squeeze the necrophage.
The necrophage is moderately damaged.
You constrict the necrophage, but do no damage.
You completely miss the necrophage. You squeeze the necrophage!
The necrophage is heavily damaged.
You constrict the necrophage. The necrophage closely misses you.
Unknown command.
You barely miss the necrophage.
The necrophage is heavily damaged.
You are no longer berserk.
You are exhausted.
You feel yourself slow down.
You constrict the necrophage, but do no damage.
The necrophage hits you.
You die...

## ## ##.
.##
#..#..# #
#.n†# ##w
#@#
#.w.##.##
#$+.<.+
####.##
#+#


You could see a necrophage.

Vanquished Creatures
  3 necrophages (D)
3 creatures vanquished.

Notes
Turn   | Place    | Note
-------+----------+-------------------------------------------
     0 | D        | Conn the Octopode Fire Elementalist began the quest for the
                  | Orb.
     0 | D        | Reached XP level 1. HP: 11/11 MP: 3/3
     4 | D        | Noticed a necrophage
     4 | D        | Noticed a necrophage
     4 | D        | Noticed a necrophage
     4 | D        | Noticed a necrophage
    11 | D        | Killed a necrophage
    12 | D        | Reached skill level 4 in Stealth
    12 | D        | Reached XP level 2. HP: 17/17 MP: 4/7
    12 | D        | Reached XP level 3. HP: 21/21 MP: 4/8
    12 | D        | Reached XP level 4. HP: 27/27 MP: 5/10
    16 | D        | Killed a necrophage
    17 | D        | Reached skill level 5 in Stealth
    17 | D        | Reached skill level 5 in Spellcasting
    17 | D        | Reached skill level 5 in Conjurations
    17 | D        | Reached XP level 5. HP: 18/31 MP: 5/12
    21 | D        | Reached skill level 6 in Stealth
    21 | D        | Reached skill level 5 in Fire Magic
    25 | D        | Slain by a necrophage

Illustrated notes

Levels and vault maps discovered:
D:        the_violet_keep_of_menkaure [sprint2_stairs_cluster_1,
          sprint2_shoproom, sprint2_temple, sprint2_basic_supplies,
          sprint2_obstacle_2, sprint2_obstacle_7, sprint2_obstacle_3,
          sprint2_obstacle_5, sprint2_obstacle_1, sprint2_timed_cluster_1,
          sprint2_smallroom_cluster_1, sprint2_smallroom_final_cluster_1,
          sprint2_transparent_cluster_1, sprint2_second_timed_cluster_1,
          sprint2_sniper_area_1, sprint2_heavy_combat_area_1,
          sprint2_mutation_trap_area_1, sprint2_forest_area_1,
          sprint2_light_combat_area_1, sprint2_behind_water_1,
          sprint2_near_end_vault_1]

Skill      XL: |  1  2  3  4  5 |
---------------+----------------+-----
Dodging        | 3 4 |  4.6
Stealth        | 4 5 6 |  6.6
Spellcasting   | 4 5 |  5.6
Conjurations   | 4 5 |  5.9
Fire Magic     | 4 5 |  5.1

Action                     |  1- 3 |  4- 6 || total
---------------------------+-------+-------++-------
  Melee: Unarmed           |     6 |    13 ||    19
         Constrict         |     1 |     3 ||     4
         Tentacles         |       |     5 ||     5
    Use: Potion            |     1 |       ||     1
 Armour: Skin              |     1 |    10 ||    11
  Dodge: Dodged            |     2 |     5 ||     7

Table legend: (Time is in decaauts)
 A = Elapsed time spent in this place.
 B = Non-inter-level travel time spent in this place.
 C = Inter-level travel time spent in this place.
 D = Time resting spent in this place.
 E = Time spent auto-exploring this place.
 F = Levels seen in this place.
 G = Mean time per level.
                   A        B        C        D        E       F      G
               +--------+--------+--------+--------+--------+-----+--------+
         Total |     18 |     18 |      0 |      0 |      0 |   1 |   18.0 |
       Dungeon |     18 |     18 |      0 |      0 |      0 |   1 |   18.0 |
               +--------+--------+--------+--------+--------+-----+--------+

Top non-repeatable levels by time:
       D: 18 daAuts
